 Dungeon Crawl Stone Soup version 0.31.0-11-ge490571c62 (webtiles) character file.

Game seed: 8329616761037633355

589 shadizar the Magician (level 7, 0/54 HPs)
             Began as a Djinni Ice Elementalist on Jan 27, 2024.
             Slain by Grinder (2 damage)
             ... on level 4 of the Dungeon.
             The game lasted 00:07:08 (3319 turns).

shadizar the Magician (Djinni Ice Elementalist)     Turns: 3319, Time: 00:07:09

Health: 0/54       AC:  4    Str:  7    XL:     7   Next: 65%
Gold:   249        EV: 12    Int: 19    God:
                   SH:  0    Dex: 13

rFire   + + .        j - staff of cold
rCold   . . .        (no shield)
rNeg    . . .        k - +2 robe
rPois   ∞            (no helmet)
rElec   .            (no cloak)
rCorr   .            (no gloves)
SInv    .            (boots unavailable)
Will    .....        h - amulet of regeneration
Stlth   ++           (no ring)
HPRegen 1.09/turn    (no ring)
MPRegen 0.00/turn

%: infuse magic (-1 HP)
@: flying
A: sickness immunity, fire resistance 2, cold vulnerability 1, float, innate
caster, HP casting, extra vitality 1
a: no special abilities


You were on level 4 of the Dungeon.
You visited 1 branch of the dungeon, and saw 4 of its levels.

You collected 249 gold pieces.

Inventory:

Armour
 k - a +2 robe (worn)
 o - a +1 leather armour of poison resistance
 p - a +3 chain mail of positive energy
Magical Staves
 j - a staff of cold (weapon)
Jewellery
 h - an amulet of regeneration (around neck)
Wands
 n - a wand of iceblast (8)
Scrolls
 b - 2 scrolls of revelation {unknown}
 c - 4 scrolls of identify {unknown}
 f - 2 scrolls of teleportation {unknown}
 i - a scroll of amnesia {unknown}
 m - a scroll of immolation {unknown}
Potions
 d - 3 potions of heal wounds {unknown}
 e - a potion of curing {unknown}
 g - a potion of resistance {unknown}
 l - a potion of magic {unknown}


   Skills:
 + Level 5.3 Fighting
 - Level 2.1 Dodging
 - Level 1.5 Stealth
 + Level 5.4 Spellcasting
 + Level 5.4 Conjurations
 + Level 5.4 Hexes
 + Level 5.4 Summonings
 + Level 5.4 Necromancy
 + Level 5.4 Translocations
 + Level 5.4 Fire Magic
 + Level 5.4 Ice Magic
 + Level 5.4 Air Magic
 + Level 5.4 Earth Magic
 + Level 5.4 Alchemy


You knew the following spells:

 Your Spells              Type           Power      Damage    Failure   Level
a - Freeze                Ice            100%       1d10      1%          1
b - Frozen Ramparts       Ice            78%        1d12      3%          3
c - Ozocubu's Armour      Ice            39%        N/A       3%          3
d - Summon Ice Beast      Ice/Summ       39%        N/A       3%          3
e - Kiss of Death         Conj/Necr      100%       2d13      1%          1
f - Searing Ray           Conj           52%        2d6       1%          2
g - Teleport Other        Tloc           26%        N/A       3%          3
Your spell library was empty.

Dungeon Overview and Level Annotations

Branches:
Dungeon (4/15)
 Temple: D:4-7

Altars:
Dithmenos

Shops:
D:1 ?

Annotations:
D:3 1 runed translucent door, Crazy Yiuf
D:4 Grinder


Innate Abilities, Weirdness & Mutations

You are immune to sickness and miasma.
You are immune to poison.
Your flesh is very heat resistant. (rF++)
You are vulnerable to cold. (rC-)
You float through the air rather than walking.
You learn spells naturally, not from books.
Your magical power is your life essence.
You have superior vitality. (+4 MHP)


Message History

Confirm with . or Enter, or press ? or * to list all spells.
Aiming: Freeze (safe; 1% risk of failure)
Press: ? - help, Shift-Dir - straight line, f/p - Grinder
Aim: Grinder (severely wounded, not watching you, ally target)
You feel a surge of power!
You freeze Grinder but do no damage.
Grinder completely resists.
* * * LOW HITPOINT WARNING * * *
Grinder hits you but does no damage.
Your ice beast hits Grinder.
Your ice beast freezes Grinder.
Grinder resists.
Unknown command.
Casting: Freeze (safe; 1% risk of failure)
Confirm with . or Enter, or press ? or * to list all spells.
Aiming: Freeze (safe; 1% risk of failure)
Press: ? - help, Shift-Dir - straight line, f/p - Grinder
Aim: Grinder (severely wounded, not watching you, ally target)
You feel a surge of power!
You freeze Grinder but do no damage.
Grinder completely resists.
* * * LOW HITPOINT WARNING * * *
Grinder hits you!
* * * LOW HITPOINT WARNING * * *
Your ice beast closely misses Grinder.
Unknown command.
Unknown command.
Unknown command.
Unknown command.
Unknown command.
Okay, then.
Casting: Freeze (safe; 1% risk of failure)
Confirm with . or Enter, or press ? or * to list all spells.
Aiming: Freeze (safe; 1% risk of failure)
Press: ? - help, Shift-Dir - straight line, f/p - Grinder
Aim: Grinder (severely wounded, ally target)
You feel a surge of power!
You freeze Grinder but do no damage.
Grinder completely resists.
* * * LOW HITPOINT WARNING * * *
Grinder hits you.
* * * LOW HITPOINT WARNING * * *
You writhe in agony.
You die...
Grinder sighs, "Dead already?
I want a refund."

..#.#..#####...
#... ..#.#..######
#... #.#...........
#....
#.#..#########
.....###.#.........
.........).......##
...#....†........#
$........!.......#
......Y@.........#
......5..?.......#
.......#.#########
.....>...#
###....### #....
#####


You could see Grinder (ally target) and a friendly ice beast (summoned).

Vanquished Creatures
  Eustachio (D:4)
  Duvessa (D:4)
  Dowan (D:4)
  Jessica (D:3)
  Terence (D:2)
  Ijyb (D:3)
  4 gnolls (D:3)
  6 adders
  A dart slug (D:3)
  A ribbon worm (D:2)
  9 ball pythons
  4 bats
  8 endoplasms
  3 giant cockroaches
  38 goblins
  26 hobgoblins
  4 jackals (D:3)
  3 kobolds (D:3)
  2 quokkas (D:3)
  5 frilled lizards
  A rat (D:1)
121 creatures vanquished.

Notes
Turn   | Place    | Note
-------+----------+-------------------------------------------
     0 | D:1      | shadizar the Djinni Ice Elementalist began the quest for
                  | the Orb.
     0 | D:1      | shadizar set off with the following spells memorised:
                  | Freeze, Frozen Ramparts, Ozocubu's Armour, Summon Ice
                  | Beast.
     0 | D:1      | Reached XP level 1. HP: 15/15 MP: 0/0
   257 | D:1      | Reached XP level 2. HP: 21/22 MP: 0/0
   490 | D:1      | Reached skill level 1 in Fighting
   645 | D:1      | Found Yhucuimp's Magic Scroll Boutique.
  1199 | D:2      | Reached XP level 3. HP: 12/28 MP: 0/0
  1199 | D:2      | Learned a level 1 spell: Kiss of Death
  1358 | D:2      | Noticed Terence
  1366 | D:2      | Killed Terence
  1367 | D:2      | Reached XP level 4. HP: 13/34 MP: 0/0
  1925 | D:3      | Reached XP level 5. HP: 33/40 MP: 0/0
  1925 | D:3      | Learned a level 2 spell: Searing Ray
  2022 | D:3      | Noticed Jessica
  2064 | D:3      | Killed Jessica
  2461 | D:3      | Found a shadowy altar of Dithmenos.
  2575 | D:3      | Found a runed translucent door.
  2576 | D:3      | Noticed Crazy Yiuf
  2705 | D:3      | Reached XP level 6. HP: 43/46 MP: 0/0
  2734 | D:3      | Noticed Ijyb
  2741 | D:3      | Killed Ijyb
  3186 | D:4      | Noticed Eustachio
  3186 | D:4      | Noticed Duvessa
  3196 | D:4      | Killed Eustachio
  3197 | D:4      | Reached skill level 5 in Spellcasting
  3197 | D:4      | Reached skill level 5 in Conjurations
  3197 | D:4      | Reached skill level 5 in Hexes
  3197 | D:4      | Reached skill level 5 in Summonings
  3197 | D:4      | Reached skill level 5 in Necromancy
  3197 | D:4      | Reached skill level 5 in Translocations
  3197 | D:4      | Reached skill level 5 in Fire Magic
  3197 | D:4      | Reached skill level 5 in Ice Magic
  3197 | D:4      | Reached skill level 5 in Air Magic
  3197 | D:4      | Reached skill level 5 in Earth Magic
  3197 | D:4      | Reached skill level 5 in Alchemy
  3197 | D:4      | Reached XP level 7. HP: 34/53 MP: 0/0
  3197 | D:4      | Learned a level 3 spell: Teleport Other
  3202 | D:4      | Killed Duvessa
  3203 | D:4      | Reached skill level 5 in Fighting
  3205 | D:4      | Noticed Dowan
  3255 | D:4      | Killed Dowan
  3294 | D:4      | Noticed Grinder
  3302 | D:4      | Paralysed by Grinder for 3 turns
  3319 | D:4      | HP: 2/54 [Grinder (5)]
  3319 | D:4      | Slain by Grinder

Illustrated notes

Levels and vault maps discovered:
D:1:      dpeg_arrival_pits, layout_loops_corners, serial_forest,
          infiniplex_forest_clump_tiny, infiniplex_forest_join,
          infiniplex_forest_lined_room_3, infiniplex_forest_clump_small,
          infiniplex_forest_end_double, infiniplex_forest_side_room,
          infiniplex_forest_end_double, infiniplex_forest_straight_2,
          serial_shops, shop
D:2:      layout_basic, uniq_terence
D:3:      minmay_goblin_kobold_castle, layout_loops_ring,
          nicolae_dithmenos_shadow_blocks, grunt_decor_one_mirror,
          nrook_loot_triangle, uniq_jessica, uniq_ijyb, uniq_crazy_yiuf_cottage
D:4:      layout_basic, nicolae_overflow_squiral, uniq_eustachio, uniq_grinder,
          uniq_duvessa

Skill      XL: |  1  2  3  4  5  6  7 |
---------------+----------------------+-----
Fighting       | 1 2 3 4 5 |  5.3
Spellcasting   | 4 5 |  5.4
Conjurations   | 4 5 |  5.4
Hexes          | 4 5 |  5.4
Summonings     | 4 5 |  5.4
Necromancy     | 4 5 |  5.4
Translocations | 4 5 |  5.4
Fire Magic     | 4 5 |  5.4
Ice Magic      | 4 5 |  5.4
Air Magic      | 4 5 |  5.4
Earth Magic    | 4 5 |  5.4
Alchemy        | 4 5 |  5.4
Dodging        | |  2.1
Stealth        | |  1.5

Action                     |  1- 3 |  4- 6 |  7- 9 || total
---------------------------+-------+-------+-------++-------
  Melee: Unarmed           |    15 |     5 |       ||    20
         Staff             |       |    12 |     1 ||    13
   Cast: Freeze            |    36 |   135 |    27 ||   198
         Ozocubu's Armour  |       |     2 |     2 ||     4
         Frozen Ramparts   |       |     2 |       ||     2
         Summon Ice Beast  |       |       |     1 ||     1
 Armour: Robe              |    22 |    80 |    21 ||   123
  Dodge: Dodged            |    24 |    77 |    11 ||   112
